 Dungeon Crawl Stone Soup version 0.28.0-1-gb440e238dd (webtiles) character file.

Game seed: 16173900739497933675

58 Ablot the Grasshopper (level 4, -3/38 HPs)
             Began as a Gnoll Warper on Feb 24, 2022.
             Slain by an iguana (7 damage)
             ... on level 6 of the Dungeon.
             The game lasted 00:02:32 (2024 turns).

Ablot the Grasshopper (Gnoll Warper)                Turns: 2024, Time: 00:02:32

Health: -3/38      AC:  3    Str: 13    XL:     4   Next: 1%
Magic:  11/11      EV: 12    Int: 12    God:
Gold:   102        SH:  0    Dex: 11    Spells: 11/13 levels left

rFire   . . .      SeeInvis +   a - +0 spear
rCold   . . .      Faith    .   (no shield)
rNeg    . . .      Spirit   .   b - +0 leather armour
rPois   .          Reflect  .   (no helmet)
rElec   .          Harm     .   (no cloak)
rCorr   .          Rampage  .   (no gloves)
Will    .....                   (no boots)
Stlth   +.........              (no amulet)
HPRegen 0.12/turn               q - ring of see invisible
MPRegen 0.12/turn               (no ring)

@: no status effects
A: fangs 1, strong nose, distributed training
a: no special abilities


You were on level 6 of the Dungeon.
You visited 1 branch of the dungeon, and saw 4 of its levels.

You collected 102 gold pieces.

Inventory:

Hand Weapons
 a - a +0 spear (weapon)
 i - a +0 hunting sling
Missiles
 d - 5 boomerangs of dispersal (quivered)
 j - 79 stones
Armour
 b - a +0 leather armour (worn)
Jewellery
 p - a ring of fire
 q - a ring of see invisible (left hand)
Scrolls
 c - a scroll of blinking
 e - 2 scrolls of teleportation {unknown}
 f - 2 scrolls of fog {unknown}
 h - a scroll of magic mapping {unknown}
 k - 3 scrolls of identify {unknown}
 l - a scroll of acquirement {unknown}
 n - a scroll of amnesia {unknown}
Potions
 g - a potion of invisibility {unknown}
 m - a potion of curing {unknown}
 o - a potion of cancellation {unknown}
 r - a potion of brilliance {unknown}


   Skills:
 + Level 4.6 Fighting
 + Level 1.0 Short Blades
 + Level 1.0 Long Blades
 + Level 1.0 Axes
 + Level 1.0 Maces & Flails
 + Level 4.6 Polearms
 + Level 1.0 Staves
 + Level 1.0 Slings
 + Level 1.0 Bows
 + Level 1.0 Crossbows
 + Level 2.7 Throwing
 + Level 2.7 Armour
 + Level 4.6 Dodging
 + Level 1.0 Stealth
 + Level 1.0 Shields
 + Level 1.0 Unarmed Combat
 + Level 5.0 Spellcasting
 + Level 0.7 Conjurations
 + Level 0.7 Hexes
 + Level 0.7 Summonings
 + Level 0.7 Necromancy
 + Level 5.4 Translocations
 + Level 0.7 Transmutations
 + Level 0.7 Fire Magic
 + Level 0.7 Ice Magic
 + Level 0.7 Air Magic
 + Level 0.7 Earth Magic
 + Level 0.7 Poison Magic
 + Level 1.1 Invocations
 + Level 1.0 Evocations


You had 11 spell levels left.
You knew the following spells:

 Your Spells              Type           Power      Damage    Failure   Level
a - Blink                 Tloc           32%        N/A       4%          2

Your spell library contained the following spells:

 Spells                   Type           Power      Damage    Failure   Level
 Gell's Gravitas          Tloc           16%        N/A       9%          3
 Lesser Beckoning         Tloc           16%        N/A       9%          3
 Teleport Other           Tloc           16%        N/A       9%          3
 Manifold Assault         Tloc           16%        N/A       58%         5


Dungeon Overview and Level Annotations

Branches:
Dungeon (3/15)

Altars:
Sif Muna

Shops:
D:1 [


Innate Abilities, Weirdness & Mutations

You have very sharp teeth.
Your uncanny sense of smell can sniff out nearby items.
Your experience applies equally to all skills.


Message History

You hit the iguana but do no damage. Your bite misses the iguana.
The iguana is heavily wounded.
The jelly quivers.
The iguana bites you!
You hit the iguana but do no damage.
The iguana is heavily wounded.
The iguana bites you!
You hit the iguana.
The iguana is severely wounded.
The iguana barely misses you.
You closely miss the iguana.
The iguana is severely wounded.
You hit the iguana but do no damage. You punch the iguana, but do no damage.
The iguana is severely wounded.
The iguana bites you!
* * * LOW HITPOINT WARNING * * *
You are too injured to fight recklessly!
You are too injured to fight recklessly!
You are too injured to fight recklessly!
You are too injured to fight recklessly!
Casting: Blink (safe; 4% risk of failure)
Confirm with . or Enter, or press ? or * to list all spells.
You blink.
A sky beast comes into view.
The iguana completely misses you.
You feel stable enough to blink again.
Found a silvery potion.
Found a scroll labelled HOAHUM FETHIR.
You see here a scroll labelled HOAHUM FETHIR.
The sky beast flickers out of sight for a moment.
You closely miss the iguana. You punch the iguana, but do no damage.
The iguana is severely wounded.
The iguana bites you!
* * * LOW HITPOINT WARNING * * *
Unknown command.
Found a stone staircase leading down.
Found 3 bubbling amethyst potions.
There is a stone staircase leading down here.
The iguana bites you!
You die...

#############
#....Y..Jl@.##
#ยง########.......!
#?# .......... #J#
##:#........
#.#####...#.##....
##Y......#.... ...#
#..#####...#... ...
#..# #...##.. ..
#..# #...#


You could see a sky beast, an iguana and a jelly.

Vanquished Creatures
  An adder (D:2)
  3 endoplasms
  2 giant cockroaches (D:1)
  7 goblins
  2 hobgoblins (D:2)
  7 jackals
  2 quokkas
  4 ball pythons
  8 bats
  2 frilled lizards
  A kobold (D:2)
  4 rats
43 creatures vanquished.

Notes
Turn   | Place    | Note
-------+----------+-------------------------------------------
     0 | D:1      | Ablot the Gnoll Warper began the quest for the Orb.
     0 | D:1      | Reached XP level 1. HP: 20/20 MP: 6/6
   172 | D:1      | Found Fuh Xuor's Armour Boutique.
   406 | D:1      | Reached XP level 2. HP: 26/26 MP: 7/7
   409 | D:1      | Learned a level 2 spell: Blink
   860 | D:1      | Reached XP level 3. HP: 27/31 MP: 9/9
   914 | D:1      | Found a faded altar of an unknown god.
  1097 | D:2      | Found a shimmering blue altar of Sif Muna.
  1101 | D:2      | Reached skill level 5 in Spellcasting
  1331 | D:2      | Reached skill level 1 in Invocations
  1535 | D:2      | Reached skill level 1 in Short Blades
  1535 | D:2      | Reached skill level 1 in Long Blades
  1535 | D:2      | Reached skill level 1 in Axes
  1535 | D:2      | Reached skill level 1 in Maces & Flails
  1535 | D:2      | Reached skill level 1 in Staves
  1535 | D:2      | Reached skill level 1 in Slings
  1535 | D:2      | Reached skill level 1 in Bows
  1535 | D:2      | Reached skill level 1 in Crossbows
  1535 | D:2      | Reached skill level 1 in Stealth
  1535 | D:2      | Reached skill level 1 in Shields
  1535 | D:2      | Reached skill level 1 in Unarmed Combat
  1535 | D:2      | Reached skill level 1 in Evocations
  1912 | D:3      | Reached XP level 4. HP: 34/38 MP: 11/11
  1989 | D:3      | You fall into a shaft and drop 3 floors!
  2000 | D:6      | Noticed a sky beast
  2024 | D:6      | Slain by an iguana

Illustrated notes

Levels and vault maps discovered:
D:1:      dpeg_arrival_round_c, layout_basic,
          shapermc_ecumenical_altar_mp_vishouse, serial_shops,
          nicolae_shop_waterfront, roderic_roman_lattice
D:2:      layout_rooms, basic_altar, grunt_ministairs_8, minmay_misc_feat_doors,
          minmay_misc_feat_cross
D:3:      layout_basic
D:6:      layout_loops_ring, nicolae_hepliaklqana_hippocampus, solitary_fountain

Skill      XL: |  1  2  3 |
---------------+----------+-----
Spellcasting   | 5 |  5.0
Invocations    | 1 |  1.1
Short Blades   | 1 |  1.0
Long Blades    | 1 |  1.0
Axes           | 1 |  1.0
Maces & Flails | 1 |  1.0
Staves         | 1 |  1.0
Slings         | 1 |  1.0
Bows           | 1 |  1.0
Crossbows      | 1 |  1.0
Stealth        | 1 |  1.0
Shields        | 1 |  1.0
Unarmed Combat | 1 |  1.0
Evocations     | 1 |  1.0
Fighting       | |  4.6
Polearms       | |  4.6
Throwing       | |  2.7
Armour         | |  2.7
Dodging        | |  4.6
Conjurations   | |  0.7
Hexes          | |  0.7
Summonings     | |  0.7
Necromancy     | |  0.7
Translocations | |  5.4
Transmutations | |  0.7
Fire Magic     | |  0.7
Ice Magic      | |  0.7
Air Magic      | |  0.7
Earth Magic    | |  0.7
Poison Magic   | |  0.7

Action                   |  1- 3 |  4- 6 || total
-------------------------+-------+-------++-------
Melee: Spear             |   130 |    11 ||   141
       Bite              |     9 |       ||     9
       Punch             |     2 |     2 ||     4
 Cast: Blink             |       |     1 ||     1
 Stab: Sleeping          |     1 |       ||     1
Armor: Leather armour    |    24 |     1 ||    25
Dodge: Dodged            |    72 |     3 ||    75
